 Dungeon Crawl Stone Soup version 0.27-a0-705-ga0013940fb (webtiles) character file.

Game seed: 18279174567598388323

9 ALWAYSlose the Skirmisher (level 2, 5/24 HPs)
             Began as a Demonspawn Berserker on Mar 23, 2021.
             Was a Follower of Trog.
             Quit the game on level 1 of the Dungeon.
             The game lasted 00:00:20 (235 turns).

ALWAYSlose the Skirmisher (Demonspawn Berserker)     Turns: 235, Time: 00:00:21

Health: 5/24       AC:  5    Str: 17    XL:     2   Next: 3%
Magic:  2/2        EV: 11    Int:  8    God:    Trog [*.....]
Gold:   30         SH:  0    Dex: 12    Spells: 1/1 levels left

rFire    . . .     SeeInvis .   a - +0 hand axe
rCold    . . .     Faith    .   (no shield)
rNeg     . . .     Spirit   .   d - +0 ring mail
rPois    .         Reflect  .   (helmet restricted)
rElec    .         Harm     .   (no cloak)
rCorr    .         Rampage  .   (no gloves)
Will     .....                  (no boots)
Stlth    +.........             (no amulet)
HPRegen  0.08/turn              (no ring)
MPRegen  0.08/turn              (no ring)

@: no status effects
A: horns 1
a: Renounce Religion, Berserk


You were on level 1 of the Dungeon.
You worshipped Trog.
Trog was aware of your devotion.
You visited 1 branch of the dungeon, and saw 1 of its levels.

You collected 30 gold pieces.

Inventory:

Hand Weapons
 a - a +0 hand axe (weapon)
Armour
 d - a +0 ring mail (worn)
Scrolls
 b - a scroll of amnesia {unknown}
 c - a scroll of identify {unknown}


   Skills:
 + Level 3.1 Fighting
 + Level 2.8 Axes
 + Level 2.0 Armour
 + Level 2.0 Dodging


You had one spell level left.
You didn't know any spells.
Your spell library was empty.

Dungeon Overview and Level Annotations

Branches:
Dungeon (1/15)

Altars:


Innate Abilities, Weirdness & Mutations

You have a pair of small horns on your head.


Message History

You are frozen.
You are too injured to fight recklessly!
An ooze is nearby!
You are too injured to fight recklessly!
An ooze is nearby!
You are too injured to fight recklessly!
An ooze is nearby!
You are too injured to fight recklessly!
An ooze is nearby!
You are too injured to fight recklessly!
Unknown command.
Your ring mail prevents you from hitting the ooze.
The ooze barely misses you.
You hit the ooze.
The ooze is moderately wounded.
The ooze freezes you.
You are frozen.
* * * LOW HITPOINT WARNING * * *
You hit the ooze.
The ooze is severely wounded.
The ooze freezes you.
You are frozen.
* * * LOW HITPOINT WARNING * * *
You hit the ooze.
You kill the ooze!
Trog accepts your kill.
Your Dodging skill increases to level 2!
A bat comes into view.
A bat is nearby!
A bat is nearby!
You are too injured to fight recklessly!
You hit the bat.
You kill the bat!
Trog accepts your kill.
Your Armour skill increases to level 2!
You have reached level 2!
You feel monstrous as your demonic heritage exerts itself.
Your demonic ancestry asserts itself...
A pair of horns grows on your head!
Are you sure you want to abandon this character and quit the game? (Confirm with "yes".)

## ..## ###..
#..######### .....
#...........
#..###...# .###
#.....#.# ...
##...##.######.#####
##.##...##........#
#.##.........#
#)##...##..@.#
#)#######..#.# #†#
####..#.# #.#
#.........
#.###.###.##.#.
##.........#####
#.........# ##
#.........#
#≈###.........#


There were no monsters in sight!

Vanquished Creatures
  A hobgoblin (D:1)
  2 oozes (D:1)
  2 bats (D:1)
  A frilled lizard (D:1)
  2 kobolds (D:1)
8 creatures vanquished.

Notes
Turn   | Place    | Note
-------+----------+-------------------------------------------
     0 | D:1      | ALWAYSlose the Demonspawn Berserker began the quest for the
                  | Orb.
     0 | D:1      | Reached XP level 1. HP: 18/18 MP: 1/1
   235 | D:1      | Gained mutation: You have a pair of small horns on your
                  | head. [demonic ancestry]
   235 | D:1      | Reached XP level 2. HP: 5/24 MP: 2/2
   235 | D:1      | Quit the game

Illustrated notes

Levels and vault maps discovered:
D:1:      lemuel_arrival_river_passageway, layout_loops_ring

Skill      XL: |  1 |
---------------+----+-----
Dodging        | 2 |  2.0
Armour         | 2 |  2.0
Fighting       | |  3.1
Axes           | |  2.8

Action                   || total
-------------------------++-------
Melee: Hand axe          ||    26
Armor: Ring mail         ||     8
Dodge: Dodged            ||    12

Table legend: (Time is in decaauts)
 A = Elapsed time spent in this place.
 B = Non-inter-level travel time spent in this place.
 C = Inter-level travel time spent in this place.
 D = Time resting spent in this place.
 E = Time spent auto-exploring this place.
 F = Levels seen in this place.
 G = Mean time per level.
                   A        B        C        D        E       F      G
               +--------+--------+--------+--------+--------+-----+--------+
         Total |    256 |    227 |     29 |      0 |    168 |   1 |  256.0 |
       Dungeon |    256 |    227 |     29 |      0 |    168 |   1 |  256.0 |
               +--------+--------+--------+--------+--------+-----+--------+

Top non-repeatable levels by time:
     D:1: 256 daAuts
